 Dungeon Crawl Stone Soup version 0.30-a0-358-g0d69a1922f (webtiles) character file.

Game seed: 8150767595301279439

917 koil the Trooper (level 7, -1/63 HPs)
             Began as a Minotaur Wanderer on Nov 9, 2022.
             Killed from afar by Dowan (8 damage)
             ... with a puff of flame
             ... on level 5 of the Dungeon.
             The game lasted 00:08:30 (2814 turns).

koil the Trooper (Minotaur Wanderer)                Turns: 2814, Time: 00:08:32

Health: -1/63      AC:  8    Str: 32    XL:     7   Next: 83%
Magic:  6/6        EV: 12    Int:  7    God:
Gold:   206        SH:  0    Dex: 10    Spells: 6/6 levels left

rFire   . . .      SeeInvis .    u - +2 war axe "Maceehio" {pain, rPois}
rCold   . . .      Faith    .    (no shield)
rNeg    . . .      Spirit   .    c - +0 ring mail
rPois   +          Reflect  .    (helmet restricted)
rElec   .          Harm     .    (no cloak)
rCorr   .          Rampage  .    s - +0 pair of gloves
Will    .....                    I - +0 pair of boots
Stlth   ..........               m - amulet of regeneration
HPRegen 1.10/turn                f - +6 ring of strength
MPRegen 0.10/turn                j - +6 ring of strength

@: no status effects
A: horns 2, retaliatory headbutt
a: no special abilities


You were on level 5 of the Dungeon.
You visited 1 branch of the dungeon, and saw 5 of its levels.

You collected 206 gold pieces.

Inventory:

Hand Weapons
 a - a +2 hand axe
 b - a +0 quarterstaff
 h - a +2 short sword of flaming
 u - the +2 war axe "Maceehio" (weapon) {pain, rPois}
   (You found it on level 3 of the Dungeon)

   In the hands of one skilled in necromantic magic, it inflicts extra damage on
   living creatures.
   rPois:     It protects you from poison.
 A - a +0 vampiric dagger
Missiles
 w - 10 poisoned darts (quivered)
 D - 6 curare-tipped darts {!f}
Armour
 c - a +0 ring mail (worn)
 s - a +0 pair of gloves (worn)
 I - a +0 pair of boots (worn)
Jewellery
 f - a +6 ring of strength (left hand)
 j - a +6 ring of strength (right hand)
 k - a ring of see invisible
 m - an amulet of regeneration (around neck)
Scrolls
 i - a scroll of magic mapping {unknown}
 l - 2 scrolls of immolation {unknown}
 n - a scroll of enchant armour {unknown}
 o - 2 scrolls of amnesia {unknown}
 p - 2 scrolls of teleportation {unknown}
 q - 2 scrolls of blinking {unknown}
 t - a scroll of noise {unknown}
 x - 2 scrolls of identify {unknown}
 y - a scroll of silence {unknown}
 z - a scroll of torment {unknown}
 C - a scroll of butterflies {unknown}
 E - a scroll of summoning {unknown}
Potions
 d - a potion of invisibility
 e - 2 potions of flight {unknown}
 g - 2 potions of heal wounds {unknown}
 r - a potion of attraction {unknown}
 B - a potion of cancellation {unknown}
 F - a potion of magic {unknown}
 G - a potion of degeneration {unknown}
Miscellaneous
 H - a box of beasts


   Skills:
 + Level 6.0 Fighting
 + Level 6.0 Axes
 - Level 1.2 Staves
 + Level 5.3 Armour
 + Level 4.1 Dodging
 + Level 3.6 Evocations


You had 6 spell levels left.
You didn't know any spells.
Your spell library contained the following spells:

 Spells                   Type           Power      Damage    Failure   Level
 Magic Dart               Conj           0%         1d3       54%         1
 Sting                    Tmut/Pois      0%         1d3       54%         1
 Call Imp                 Summ           0%         N/A       67%         2
 Poisonous Vapours        Pois/Air       0%         N/A       67%         2
 Mephitic Cloud           Conj/Pois/Air  0%         N/A       88%         3
 Olgreb's Toxic Radiance  Pois           0%         N/A       99%         4


Dungeon Overview and Level Annotations

Branches:
Dungeon (5/15)
 Temple: D:4-7

Altars:
Kikubaaqudgha
Ru
Sif Muna
Xom

Shops:
D:3 *

Annotations:
D:5 Dowan


Innate Abilities, Weirdness & Mutations

You have a pair of horns on your head.
You reflexively headbutt those who attack you in melee.


Message History

Duvessa is severely wounded.
Dowan smirks and points a slender finger.
Duvessa barely misses you.
You hit Duvessa.
Duvessa is almost dead.
Dowan zaps a wand.
The puff of flame hits you! Duvessa hits you with a +0 short sword!
* * * LOW HITPOINT WARNING * * *
Duvessa says, "Where magic fails, the sword succeeds!"
Duvessa hits you with a +0 short sword!
* * * LOW HITPOINT WARNING * * *
You slash Duvessa!
You kill Duvessa!
Dowan's eyes darken. "You have made a black mistake."
Dowan seems to find hidden reserves of power!
Dowan points at you and mumbles some strange words.
The stone arrow hits you.
* * * LOW HITPOINT WARNING * * *
Your Fighting skill increases to level 6!
Your Axes skill increases to level 6!
Your Dodging skill increases to level 4!
You are too injured to fight recklessly!
You feel better. Dowan hits you with a +0 dagger.
* * * LOW HITPOINT WARNING * * *
You closely miss Dowan. Dowan closely misses you.
Dowan zaps a wand.
The puff of flame hits you!
* * * LOW HITPOINT WARNING * * *
You slash Dowan! Your headbutt misses Dowan.
Dowan is heavily wounded.
Dowan hits you but does no damage.
You hit Dowan but do no damage.
Dowan is heavily wounded.
Dowan gestures wildly while chanting.
Dowan blinks!
Throw: 11 darts (poison)
Press: ? - help, Q - select action, (/) - cycle Shift-Dir - straight line, f - Dowan
Aim: Dowan, wielding a +0 dagger, wearing a +0 robe and carrying a wand of flame (16) (heavily wounded, fast, 48% to hit)
You throw a poisoned dart. The poisoned dart closely misses Dowan.
Dowan zaps a wand.
The puff of flame hits you!
You die...

##...##......5..##...#
##.....#......####..#
##.....#.......###.##
##.....###.......#.##
.....#...#...##....#
...####'##...#####.#
#.## ##.####..# #.##
..# #8.8# ##.####..#
..## ##.## #..#@).##
...####.## ##.ยง.###
....##8.8# ##..##
..##.##.#####..## .##
##.###.e...# .#
#8.8#.(##..#
#######.#########
#8##8##.##8##8#
...............


You could see Dowan (fast).

Vanquished Creatures
  Sigmund (D:5)
  Edmund (D:4)
  Duvessa (D:5)
  An ogre (D:4)
  2 necrophages
  3 hounds
  2 jellies
  7 adders
  A white imp (D:5)
  2 worms (D:2)
  3 dart slugs
  5 orcs
  9 bats
  8 endoplasms
  3 giant cockroaches
  10 hobgoblins
  13 jackals
  12 kobolds
  3 quokkas
  9 ball pythons
  5 frilled lizards
  4 goblins
  4 rats
109 creatures vanquished.

Notes
Turn   | Place    | Note
-------+----------+-------------------------------------------
     0 | D:1      | koil the Minotaur Wanderer began the quest for the Orb.
     0 | D:1      | koil set off with the following items: a +2 hand axe, a +0
                  | quarterstaff, a +0 ring mail, a potion of invisibility.
     0 | D:1      | Reached XP level 1. HP: 19/19 MP: 0/0
   138 | D:1      | Reached XP level 2. HP: 27/27 MP: 1/1
   412 | D:1      | Reached skill level 1 in Dodging
   574 | D:1      | Reached XP level 3. HP: 33/33 MP: 2/2
   886 | D:2      | Found an ancient bone altar of Kikubaaqudgha.
   972 | D:2      | Reached XP level 4. HP: 40/40 MP: 3/3
  1467 | D:3      | Identified the +2 war axe "Maceehio" {pain, rPois}
  1634 | D:3      | Found a shimmering blue altar of Sif Muna.
  1689 | D:3      | Reached XP level 5. HP: 47/47 MP: 4/4
  1744 | D:3      | Found Ijuaj's General Store.
  1830 | D:3      | You fall into a shaft and drop 1 floor!
  1838 | D:4      | Found a sacrificial altar of Ru.
  2136 | D:4      | Noticed Edmund
  2148 | D:4      | Killed Edmund
  2149 | D:4      | Reached skill level 5 in Fighting
  2149 | D:4      | Reached skill level 5 in Axes
  2149 | D:4      | Reached XP level 6. HP: 47/56 MP: 5/5
  2386 | D:4      | Reached XP level 7. HP: 20/61 MP: 6/6
  2521 | D:5      | Entered Level 5 of the Dungeon
  2528 | D:5      | Found a shimmering altar of Xom.
  2719 | D:5      | Noticed Duvessa
  2719 | D:5      | Noticed Sigmund
  2802 | D:5      | Killed Sigmund
  2803 | D:5      | Reached skill level 5 in Armour
  2804 | D:5      | Noticed Dowan
  2808 | D:5      | HP: 9/62 [Duvessa/+0 short sword (8)]
  2809 | D:5      | Killed Duvessa
  2811 | D:5      | HP: 3/63 [Dowan/puff of flame (9)]
  2814 | D:5      | Killed from afar by Dowan

Illustrated notes

Levels and vault maps discovered:
D:1:      dpeg_arrival_erosion, layout_loops_ring
D:2:      layout_basic, basic_altar, corexii_shack,
          nicolae_concentric_dashed_squares_mild
D:3:      layout_basic, marbit_many_paths, serial_shops, shop,
          grunt_decor_arrowhead, minmay_misc_feat_doors, minmay_distorted
D:4:      layout_gridville, general_overflow_altar, uniq_edmund
D:5:      layout_layer_cave, mainiacjoe_overflow_boulevard,
          nicolae_elyvilon_peaceful_grove, st_stairs_3, kennysheep_path_1,
          dk_noncrumbling_2, uniq_eustachio, uniq_duvessa, uniq_pikel,
          uniq_sigmund

Skill      XL: |  1  2  3  4  5  6  7 |
---------------+----------------------+-----
Dodging        | 1 2 3 4 |  4.1
Axes           | 4 5 6 |  6.0
Fighting       | 4 5 6 |  6.0
Armour         | 3 4 5 |  5.3
Evocations     | 2 3 |  3.6
Staves         | |  1.2

Action                   |  1- 3 |  4- 6 |  7- 9 || total
-------------------------+-------+-------+-------++-------
Melee: Hand axe          |    77 |    31 |       ||   108
       Headbutt          |    10 |     9 |     5 ||    24
       Punch             |     1 |       |     1 ||     2
       War axe           |       |    63 |    32 ||    95
Throw: Dart              |       |     5 |     1 ||     6
  Use: Potion            |       |       |     1 ||     1
Armor: Ring mail         |    29 |    35 |    18 ||    82
Dodge: Dodged            |    31 |    67 |    21 ||   119

Table legend: (Time is in decaauts)
 A = Elapsed time spent in this place.
 B = Non-inter-level travel time spent in this place.
 C = Inter-level travel time spent in this place.
 D = Time resting spent in this place.
 E = Time spent auto-exploring this place.
 F = Levels seen in this place.
 G = Mean time per level.
                   A        B        C        D        E       F      G
               +--------+--------+--------+--------+--------+-----+--------+
         Total |   2846 |   2753 |     93 |      0 |   2112 |   5 |  569.2 |
       Dungeon |   2846 |   2753 |     93 |      0 |   2112 |   5 |  569.2 |
               +--------+--------+--------+--------+--------+-----+--------+

Top non-repeatable levels by time:
     D:1: 821 daAuts
     D:4: 613 daAuts
     D:3: 590 daAuts
     D:2: 521 daAuts
     D:5: 299 daAuts
